 Dungeon Crawl Stone Soup version 0.30-a0-722-g3e6e8c874d (webtiles) character file.

Game seed: 12495790545026523238

272652 karrick the Severer (level 20, 0/139 HPs)
             Began as a Gargoyle Fighter on Jan 26, 2023.
             Was a High Priest of Okawaru.
             Slain by a deep elf blademaster
             ... wielding a +0 short sword
              (13 damage)
             ... on level 3 of the Elven Halls on Jan 28, 2023.
             The game lasted 02:03:38 (48637 turns).

karrick the Severer (Gargoyle Fighter)             Turns: 48637, Time: 02:03:39

Health: 0/139      AC: 37    Str: 21    XL:     20   Next: 27%
Magic:  32/32      EV: 13    Int: 13    God:    Okawaru [*****.]
Gold:   3645       SH: 10    Dex: 21    Spells: 19/19 levels left

rFire   + . .      SeeInvis +    U - +5 war axe (venom)
rCold   + + +      Faith    .    c - +0 buckler
rNeg    + + +      Spirit   .    C - +3 scale mail {rF+}
rPois   ∞          Reflect  .    x - +2 helmet
rElec   +          Harm     .    o - scarf {repulsion}
rCorr   .          Rampage  .    j - +1 pair of gloves
Will    ++++.      Clarity  +    R - +0 pair of boots {Stlth+}
Stlth   +++++                    Y - amulet of the Four Winds {rN+ Will+++ Clar}
HPRegen 0.43/turn                H - ring "Tutelof" {rPois rC+++ rN+ Int+2 SInv}
MPRegen 0.23/turn                z - +6 ring of dexterity

@: heroic, flying, studying Maces & Flails, repel missiles
A: sickness immunity, AC +15, big wings, negative energy resistance 1,
electricity resistance, torment resistance 1, petrification resistance
}: 2/15 runes: serpentine, barnacled
a: Renounce Religion, Heroism, Finesse, Duel


You were on level 3 of the Elven Halls.
You worshipped Okawaru.
Okawaru was extremely pleased with you.
You visited 8 branches of the dungeon, and saw 35 of its levels.
You also visited: Ossuary, Bailey, Gauntlet and Volcano.

You collected 5021 gold pieces.
You spent 1376 gold pieces at shops.

Inventory:

Hand Weapons
 f - a +3 eveningstar
 s - the +13 scythe of Curses {drain, curses, Drain}
   (You took it off a merfolk siren on level 4 of the Shoals)

   Drain:     It drains your maximum health when unequipped.
 B - the +5 broad axe of the Sybil {flame, *Noise Int+5 Dex+3 SInv}
   (You bought it in a shop on level 14 of the Dungeon)

   Int:       It affects your intelligence (+5).
   Dex:       It affects your dexterity (+3).
   SInv:      It lets you see invisible.
   *Noise:    It may make noises in combat.
 U - a +5 war axe of venom (weapon)
 V - a +8 broad axe of flaming
Missiles
 D - 5 silver boomerangs (quivered)
Armour
 a - the +1 ring mail of Inaction {-Tele rPois Slay+5 SInv}
   (You bought it in a shop on level 2 of the Orcish Mines)

   Slay:      It affects your accuracy & damage with ranged weapons and melee
   (+5).
   rPois:     It protects you from poison.
   SInv:      It lets you see invisible.
   -Tele:     It prevents most forms of teleportation.
 b - the +1 helmet of Watchfulness {Harm Int+3}
   (You found it in a Gauntlet)

   Int:       It affects your intelligence (+3).
   Harm:      It increases damage dealt and taken.
 c - a +0 buckler (worn)
 j - a +1 pair of gloves (worn)
 m - the +4 skin of Zhor {*Englaciate rC+++ SInv}
   (You took it off a deep elf annihilator on level 3 of the Elven Halls)

   *Englaciate: It radiates cold, occasionally slowing all nearby creatures who
   are not resistant to cold.
   rC:        It renders you almost immune to cold.
   SInv:      It lets you see invisible.
 o - a scarf of repulsion (worn)
 t - the +4 kite shield of a bailey {-Tele Harm rElec Str+4}
   (Okawaru gifted it to you on level 2 of the Snake Pit)

   Str:       It affects your strength (+4).
   rElec:     It insulates you from electricity.
   -Tele:     It prevents most forms of teleportation.
   Harm:      It increases damage dealt and taken.
 x - a +2 helmet (worn)
 y - quicksilver dragon scales
 C - a +3 scale mail of fire resistance (worn)
 R - a +0 pair of boots of stealth (worn)
 S - the +1 cloak of the Orb {Dex+2 SInv Stlth+}
   (Okawaru gifted it to you on level 4 of the Shoals)

   Dex:       It affects your dexterity (+2).
   SInv:      It lets you see invisible.
   Stlth:     It makes you more stealthy.
Jewellery
 l - a +6 ring of intelligence
 p - a +6 ring of strength
 z - a +6 ring of dexterity (right hand)
 H - the ring "Tutelof" (left hand) {rPois rC+++ rN+ Int+2 SInv}
   (You took it off a merfolk on level 4 of the Shoals)

   [ring of see invisible]

   Int:       It affects your intelligence (+2).
   rC:        It renders you almost immune to cold.
   rPois:     It protects you from poison.
   rN:        It protects you from negative energy.
   SInv:      It lets you see invisible.
 M - an amulet of faith
 P - the ring "Bilithi" {Fire Dex+2}
   (You found it in a Gauntlet)

   [ring of fire]

   It enhances your fire magic.
   Dex:       It affects your dexterity (+2).
   rF:        It protects you from fire.
   rC:        It makes you vulnerable to cold.
 Y - the amulet of the Four Winds (around neck) {rN+ Will+++ Clar}
   (You found it in a bailey)

   [amulet of nothing]

   rN:        It protects you from negative energy.
   Clar:      It protects you against confusion.
   Will:      It greatly increases your willpower.
Wands
 q - a wand of mindburst (15)
 T - a wand of paralysis (10)
 W - a wand of digging (10)
Scrolls
 e - 4 scrolls of butterflies
 k - 6 scrolls of teleportation
 r - 9 scrolls of fog
 v - 4 scrolls of magic mapping
 A - 3 scrolls of torment
 I - a scroll of blinking
 L - 10 scrolls of immolation
 O - 6 scrolls of enchant weapon
 Q - 6 scrolls of enchant armour
Potions
 d - a potion of invisibility
 h - 3 potions of cancellation
 i - 2 potions of resistance
 n - 3 potions of brilliance
 u - 6 potions of might
 w - 3 potions of magic
 E - 4 potions of curing
 F - 4 potions of mutation
 G - 5 potions of attraction
 K - 4 potions of haste
 X - 2 potions of berserk rage
 Z - a potion of heal wounds
Miscellaneous
 g - a lightning rod (3/4)
 N - a phial of floods


   Skills:
 + Level 19.3(24.3) Fighting
 + Level 19.8(24.8) Axes
 + Level 1.0(19.1) Maces & Flails
 + Level 13.7(18.7) Armour
 + Level 5.4(10.4) Stealth
 + Level 15.1(20.1) Shields
 * Level 16.0 Invocations
 + Level 1.2 Evocations


You had 19 spell levels left.
You didn't know any spells.
Your spell library contained the following spells:

 Spells                   Type           Power      Damage    Failure   Level
 Magic Dart               Conj           0%         1d3       52%         1
 Sandblast                Erth           0%         2d4       52%         1
 Sting                    Tmut/Pois      0%         1d3       52%         1
 Blink                    Tloc           0%         N/A       67%         2
 Lesser Beckoning         Tloc           0%         N/A       67%         2
 Momentum Strike          Conj/Tloc      0%         3d8       67%         2
 Passwall                 Tmut/Erth      0%         N/A       67%         2
 Poisonous Vapours        Pois/Air       0%         N/A       67%         2
 Searing Ray              Conj           0%         2d4       67%         2
 Static Discharge         Conj/Air       0%         2-2/arc   67%         2
 Wereblood                Tmut           0%         N/A       67%         2
 Dazzling Flash           Conj/Hex       0%         N/A       88%         3
 Gell's Gravitas          Tloc           0%         N/A       88%         3
 Mephitic Cloud           Conj/Pois/Air  0%         N/A       88%         3
 Portal Projectile        Hex/Tloc       0%         N/A       88%         3
 Spider Form              Tmut/Pois      0%         N/A       88%         3
 Stone Arrow              Conj/Erth      0%         3d7       88%         3
 Teleport Other           Tloc           0%         N/A       88%         3
 Vhi's Electric Charge    Tloc/Air       0%         N/A       88%         3
 Airstrike                Air            0%         2d(0-16)  99%         4
 Fulminant Prism          Conj/Hex       0%         3d5       99%         4
 Iskenderun's Mystic Bla  Conj/Tloc      0%         2d3       99%         4
 Leda's Liquefaction      Hex/Erth       0%         N/A       99%         4
 Olgreb's Toxic Radiance  Pois           0%         N/A       99%         4
 Arcjolt                  Conj/Air       0%         1d10      100%        5
 Lightning Bolt           Conj/Air       0%         1d11      100%        5
 Eringya's Noxious Bog    Tmut/Pois      0%         N/A       100%        6
 Starburst                Conj/Fire      0%         6d3       100%        6
 Call Imp                 Summ           Unusable   N/A       N/A         2
 Call Canine Familiar     Summ           Unusable   N/A       N/A         3
 Summon Lightning Spire   Summ/Air       Unusable   N/A       N/A         4
 Statue Form              Tmut/Erth      Unusable   N/A       N/A         6

Dungeon Overview and Level Annotations

Branches:
Dungeon (15/15)            Temple (1/1) D:7            Lair (5/5) D:9
 Shoals (4/4) Lair:3        Snake (4/4) Lair:2        Slime (0/5) Lair:5
    Orc (2/2) D:9             Elf (3/3) Orc:2        Vaults (1/5) D:14
 Depths (0/4) D:15        Ossuary (visited)          Bailey (visited)
Volcano (visited)         Gauntlet (visited)

Altars:
Ashenzari
Cheibriados
Dithmenos
Elyvilon
Fedhas
Gozag
Hepliaklqana
Kikubaaqudgha
Makhleb
Nemelex Xobeh
Okawaru
Qazlal
Ru
Sif Muna
Trog
Uskayaw
Vehumet
Wu Jian
Xom
Yredelemnul
Zin
The Shining One
Jiyva
Lugonu

Shops:
D:3 (!?(   D:14 (   Orc:2 ![:=   Elf:3 *   Snake:1 ((   Snake:4 =

Portals:
Abyss: Lair:5

Annotations:
D:4 1 transporter
D:12 2 runed translucent doors, Lernaean hydra
D:15 3 runed translucent doors, Tolur's ghost, adept DEFE
Shoals:1 3 runed translucent doors


Innate Abilities, Weirdness & Mutations

You are immune to sickness and miasma.
Your stone body is resilient. (AC +15)
You are immune to poison.
Your large and strong wings let you fly.
You resist negative energy. (rN+)
You are resistant to electric shocks. (rElec)
You are resistant to unholy torment.
You are immune to petrification.


Message History

You hit the deep elf blademaster.
The deep elf blademaster looks as sick as possible!
The deep elf blademaster is severely wounded.
You block the deep elf blademaster's attack.
The deep elf blademaster hits you with a +0 short sword!
* * * LOW HITPOINT WARNING * * *
You completely miss the deep elf blademaster.
The deep elf blademaster is almost dead.
The deep elf blademaster hits you with a +0 short sword!
* * * LOW HITPOINT WARNING * * *
You block the deep elf blademaster's attack.
You are confused.
You feel invigorated.
The deep elf blademaster hits you with a +0 short sword!
* * * LOW HITPOINT WARNING * * *
The deep elf blademaster hits you but does no damage.
You completely miss the deep elf blademaster.
The deep elf blademaster is almost dead.
The deep elf blademaster closely misses you.
The deep elf blademaster hits you with a +0 short sword!
* * * LOW HITPOINT WARNING * * *
You are too confused!
You feel better.
You feel less invigorated.
You block the deep elf blademaster's attack. x2
The deep elf blademaster hits you with a +0 short sword.
* * * LOW HITPOINT WARNING * * *
You block the deep elf blademaster's attack.
You slash the deep elf blademaster!
The deep elf blademaster is almost dead.
The deep elf blademaster hits you but does no damage.
The deep elf blademaster misses you.
You hit the deep elf blademaster.
The deep elf blademaster looks as sick as possible!
The deep elf blademaster is almost dead.
The deep elf blademaster barely misses you.
You block the deep elf blademaster's attack.
You barely miss the deep elf blademaster.
The deep elf blademaster is almost dead.
The deep elf blademaster hits you with a +0 short sword!
You die...

.# #...###.##..# .####
#...# #####.# ....#
#...# #.# ....# #...#
##.# ##### #...# ##..#
#...# ##.#.#
#########...####.##.#
###.......#...#.......#
..........#...#e@.....#
.##.......#.).#)......#
.##########.?..########
.### #..)## .).# #...#
.#.## #...# ##..# #...#
..#.#######...#
#.............#


You could see a deep elf blademaster (extremely poisoned).

Vanquished Creatures
  Bai Suzhen (Elf:3)
  Zenata (Elf:3)
  Asterion (Snake:4)
  Roxanne (Elf:2)
  Kirke (Shoals:3)
  6 nagarajas (Snake:4)
  A storm dragon (Shoals:4)
  Aizul (Snake:3)
  A frost giant (D:15)
  2 deep elf sorcerers
  An orc warlord (Bailey)
  2 ironbound preservers
  2 deep elf demonologists (Elf:3)
  2 deep elf annihilators (Elf:3)
  A very ugly thing (Vaults:1)
  Azrael (Snake:2)
  A minotaur (Gauntlet)
  A fire dragon (D:15)
  10 merfolk impalers
  2 deep elf death magi (Elf:3)
  Josephine (D:13)
  12 merfolk javelineers
  A deep elf high priest (Elf:3)
  A rakshasa (D:13)
  A salamander tyrant (Snake:4)
  9 anacondas
  44 hydras
  A ghost crab (Gauntlet)
  6 merfolk aquamancers
  5 centaur warriors
  2 catoblepae
  2 merfolk avatars (Shoals:4)
  3 satyrs
  5 two-headed ogres
  4 boulder beetles
  10 death yaks (Lair:4)
  12 dancing weapons
  3 tengu warriors
  The ghost of Shayle the Covert, a journeyman TeBr of Hepliaklqana (Lair:1)
  7 shock serpents
  2 thrashing horrors (Lair:5)
  17 naga sharpshooters
  6 naga warriors
  5 orc high priests
  9 deep elf knights
  A fire crab (Volcano)
  4 deep trolls
  10 sea snakes
  5 salamander mystics
  13 harpies
  3 naga ritualists
  10 deep elf archers
  23 deep elf pyromancers
  20 deep elf zephyrmancers
  2 mana vipers (Snake:4)
  A wizard (Vaults:1)
  3 orc knights
  27 ugly things
  5 orc sorcerers
  A lindwurm (Volcano)
  14 salamanders
  A manticore (shapeshifter) (Gauntlet)
  10 fauns
  11 cyclopes
  16 manticores
  A moth of wrath (shapeshifter) (D:13)
  3 large abominations (Lair:5)
  25 black mambas
  4 guardian serpents
  11 merfolk sirens
  9 water nymphs
  3 elephants (Lair:5)
  2 molten gargoyles (Volcano)
  A smoke demon (Lair:5)
  13 naga magi
  Maggie (D:9)
  A rime drake (Lair:5)
  A torpor snail (Lair:1)
  An eye of devastation (Gauntlet)
  A gargoyle (D:12)
  11 cane toads
  An unseen horror (D:11)
  5 yaktaurs (D:15)
  A freezing wraith (D:15)
  An efreet (D:15)
  3 komodo dragons
  A kobold demonologist (D:11)
  2 ancient zymes (Lair:5)
  7 trolls
  4 polar bears
  28 merfolk
  4 wind drakes
  Prince Ribbit (D:6)
  A tarantella (shapeshifter) (Gauntlet)
  A hornet (Lair:1)
  19 blink frogs
  15 dream sheep
  11 snapping turtles
  11 slime creatures
  Sigmund (D:5)
  14 air elementals
  A ynoxinul (Lair:5)
  7 wraiths
  3 spriggans
  3 hogs (Shoals:3)
  2 shadows
  7 wyverns
  2 vampires
  25 water elementals
  30 yaks
  4 fire elementals
  3 steam dragons
  9 fire bats (Volcano)
  9 basilisks
  3 chaos spawn (Lair:5)
  6 small abominations (Lair:5)
  33 nagas
  18 vampire mosquitoes
  A warg (Orc:1)
  Edmund (D:5)
  6 hell hounds
  15 water moccasins
  A floating eye (Gauntlet)
  2 ice beasts
  37 orc warriors
  2 sky beasts
  A black bear (Lair:2)
  A boggart (shapeshifter) (Elf:1)
  4 ogres
  2 centaurs (shapeshifter)
  A centaur (D:5)
  27 wolves
  A phantom (D:5)
  4 kobold brigands
  A necrophage (D:6)
  Blork the orc (D:5)
  4 scorpions
  8 bullfrogs
  2 gnoll sergeants
  3 earth elementals
  3 water moccasin zombies (Ossuary)
  11 wights
  5 killer bees (D:9)
  6 electric eels
  9 howler monkeys
  3 lava snakes (Volcano)
  3 hounds
  An iron imp (D:8)
  Crazy Yiuf (D:3)
  38 orc priests
  8 jellies
  4 iguanas
  26 orc wizards
  3 mummies
  Robin (D:4)
  3 adders
  26 gnolls
  3 white imps
  3 adder zombies (Ossuary)
  A worm (D:2)
  3 dart slugs
  87 orcs
  3 bats (D:1)
  8 endoplasms
  4 giant cockroaches
  3 gnoll zombies (Ossuary)
  25 goblins
  18 hobgoblins
  8 jackals
  3 quokkas
  5 ball pythons
  5 hobgoblin zombies (Ossuary)
  7 kobolds
  8 kobold zombies (Ossuary)
  5 orc zombies (Ossuary)
  4 rats
1251 creatures vanquished.

Vanquished Creatures (others)
  A merfolk aquamancer (Shoals:1)
  2 deep elf knights (Elf:1)
  A deep elf pyromancer (Elf:3)
  A black mamba (Snake:3)
  2 orcs (Elf:1)
  23 fungi
  59 plants
  6 tentacles (Shoals:2)
  9 toadstools (D:6)
104 creatures vanquished.

Grand Total: 1355 creatures vanquished

Notes
Turn   | Place    | Note
-------+----------+-------------------------------------------
     0 | D:1      | karrick the Gargoyle Fighter began the quest for the Orb.
     0 | D:1      | Reached XP level 1. HP: 14/14 MP: 1/1
    58 | D:1      | Reached XP level 2. HP: 19/19 MP: 2/2
   315 | D:1      | Reached XP level 3. HP: 21/24 MP: 3/3
   732 | D:3      | Found Viudgh's Jewellery Shoppe.
   801 | D:3      | Reached XP level 4. HP: 12/29 MP: 4/4
   905 | D:4      | Found a sacrificial altar of Ru.
   918 | D:4      | Noticed Robin
  1643 | D:3      | Found Oheufan's Distillery.
  1706 | D:3      | Found Tunior's Magic Scroll Emporium.
  1707 | D:3      | Found Mahum's Weapon Boutique.
  1725 | D:3      | Reached XP level 5. HP: 22/33 MP: 5/5
  1835 | D:3      | Found a faded altar of an unknown god.
  2006 | D:3      | Found Kosou's Weapon Shoppe.
  2049 | D:3      | Found a runed translucent door.
  2050 | D:3      | Noticed Crazy Yiuf
  2287 | D:3      | Killed Crazy Yiuf
  2561 | D:4      | Found a transporter.
  2797 | D:4      | Reached XP level 6. HP: 17/39 MP: 6/6
  3070 | D:4      | You fall into a shaft and drop 1 floor!
  3070 | D:5      | Entered Level 5 of the Dungeon
  3143 | D:5      | Noticed Sigmund
  3165 | D:5      | Noticed an ice beast
  3185 | D:4      | Killed an ice beast
  3216 | D:4      | Killed Robin
  3278 | D:5      | Reached XP level 7. HP: 13/44 MP: 7/7
  3333 | D:5      | Found a sand-covered staircase.
  3372 | Ossuary  | Entered an ossuary
  3525 | Ossuary  | Reached skill level 5 in Axes
  3581 | Ossuary  | Reached skill level 5 in Fighting
  3683 | D:5      | Noticed Blork the orc
  3704 | D:6      | Reached XP level 8. HP: 27/49 MP: 8/8
  3704 | D:6      | Upgraded the game from 0.30-a0-719-gcc4359ea44 to
                  | 0.30-a0-722-g3e6e8c874d
  3785 | D:6      | Found a shadowy altar of Dithmenos.
  3819 | D:6      | Reached skill level 5 in Shields
  3822 | D:6      | Reached skill level 5 in Armour
  3882 | D:6      | Noticed Prince Ribbit
  4139 | D:6      | Killed Prince Ribbit
  4596 | D:6      | Reached XP level 9. HP: 56/56 MP: 9/9
  5158 | D:5      | Reached skill level 1 in Stealth
  5166 | D:5      | Noticed Edmund
  5175 | D:5      | Killed Edmund
  5254 | D:5      | Killed Sigmund
  5333 | D:5      | Found a hide-covered altar of Uskayaw.
  5376 | D:5      | Found a radiant altar of Vehumet.
  5527 | D:5      | Killed Blork the orc
  5900 | D:7      | Found a staircase to the Ecumenical Temple.
  5913 | Temple   | Entered the Ecumenical Temple
  5920 | Temple   | Became a worshipper of Warmaster Okawaru
  6431 | D:7      | Reached XP level 10. HP: 58/63 MP: 10/10
  7125 | D:8      | Reached * piety under Okawaru
  7139 | D:8      | Reached skill level 10 in Axes
  7335 | D:8      | Reached ** piety under Okawaru
  7492 | D:8      | Found a snail-covered altar of Cheibriados.
  7823 | D:8      | Found a faded altar of an unknown god.
  7823 | D:8      | Paralysed by a spriggan for 2 turns
  7832 | D:8      | Found a hazy altar of Hepliaklqana.
  7949 | D:9      | Found a staircase to the Lair.
  8011 | D:9      | Identified a scroll of acquirement
  8071 | D:9      | Noticed a two-headed ogre
  8076 | D:9      | Killed a two-headed ogre
  8076 | D:9      | Reached *** piety under Okawaru
  8167 | D:9      | Found a burning altar of Makhleb.
  8221 | D:9      | Reached XP level 11. HP: 60/68 MP: 11/11
  8387 | D:9      | Noticed Maggie
  8398 | D:9      | Killed Maggie
  8523 | D:9      | Found a staircase to the Orcish Mines.
  8907 | D:10     | Entered Level 10 of the Dungeon
  9011 | D:10     | Reached **** piety under Okawaru
  9039 | D:10     | Found a flagged portal.
  9050 | D:10     | Noticed a two-headed ogre
  9068 | Bailey   | Entered a bailey
  9242 | Bailey   | Noticed an orc knight
  9256 | Bailey   | Killed an orc knight
  9257 | Bailey   | Reached skill level 1 in Invocations
  9398 | Bailey   | Noticed an orc warlord
  9400 | Bailey   | Noticed an orc knight
  9411 | Bailey   | Killed an orc warlord
  9426 | Bailey   | Killed an orc knight
  9450 | Bailey   | Found the amulet of the Four Winds {rN+ Will+++ Clar}
  9686 | D:10     | Noticed a two-headed ogre
 10061 | D:10     | Found a bloodstained altar of Trog.
 10061 | D:10     | Found a blossoming altar of Fedhas.
 10061 | D:10     | Found an opulent altar of Gozag.
 10076 | D:10     | Killed a two-headed ogre
 10314 | D:10     | Killed a two-headed ogre
 10315 | D:10     | Reached XP level 12. HP: 72/76 MP: 11/14
 11564 | D:12     | Reached ***** piety under Okawaru
 11620 | D:12     | Noticed a boulder beetle
 11645 | D:12     | Killed a boulder beetle
 11646 | D:12     | Reached skill level 10 in Fighting
 11702 | D:12     | Reached skill level 5 in Invocations
 11794 | D:12     | Noticed a boulder beetle
 11807 | D:12     | Killed a boulder beetle
 11807 | D:12     | Identified the +0 robe "Visuy" {rPois Str+5} (Okawaru
                  | gifted it to you on level 12 of the Dungeon)
 11807 | D:12     | Received a gift from Okawaru
 12041 | D:12     | Found a runed translucent door.
 12041 | D:12     | Noticed the 27-headed Lernaean hydra
 12042 | D:12     | Found a runed translucent door.
 12138 | D:12     | Found a runed translucent door.
 12139 | D:12     | Noticed a one-headed hydra
 12139 | D:12     | Noticed a one-headed hydra
 12140 | D:12     | Noticed a one-headed hydra
 12140 | D:12     | Noticed a one-headed hydra
 12141 | D:12     | Noticed a one-headed hydra
 12142 | D:12     | Noticed a one-headed hydra
 12142 | D:12     | Noticed a one-headed hydra
 12142 | D:12     | Noticed a one-headed hydra
 12142 | D:12     | Noticed a one-headed hydra
 12143 | D:12     | Noticed a one-headed hydra
 12143 | D:12     | Noticed a one-headed hydra
 12144 | D:12     | Noticed a one-headed hydra
 12144 | D:12     | Noticed a one-headed hydra
 12145 | D:12     | Noticed a one-headed hydra
 12145 | D:12     | Noticed a one-headed hydra
 12145 | D:12     | Noticed a one-headed hydra
 12145 | D:12     | Noticed a one-headed hydra
 12146 | D:12     | Noticed a one-headed hydra
 12146 | D:12     | Noticed a one-headed hydra
 12269 | D:13     | Noticed Josephine
 12419 | D:13     | Noticed a rakshasa
 12511 | Lair:1   | Entered Level 1 of the Lair of Beasts
 12546 | Lair:1   | Found a runed translucent door.
 12546 | Lair:1   | Noticed Shayle's ghost (journeyman TeBr)
 12623 | Lair:1   | Reached XP level 13. HP: 31/83 MP: 15/17
 13553 | Lair:2   | Found a gate leading to a gauntlet.
 13560 | Gauntlet | Entered a Gauntlet
 13560 | Gauntlet | Found a transporter.
 13560 | Gauntlet | Found a transporter.
 13562 | Gauntlet | Found a transporter.
 13563 | Gauntlet | Found a transporter.
 13566 | Gauntlet | Found a transporter.
 13566 | Gauntlet | Found a transporter.
 13577 | Gauntlet | Found a transporter.
 13580 | Gauntlet | Found a transporter.
 13582 | Gauntlet | Found a transporter.
 13583 | Gauntlet | Noticed a reaper
 13584 | Gauntlet | Found a transporter.
 13602 | Gauntlet | Found a transporter.
 13624 | Gauntlet | Found a transporter.
 13652 | Gauntlet | Found the +2 hat of the Bear Spirit {Spirit, Bear, *Rage
                  | Will++}
 13741 | Gauntlet | Identified the +1 helmet of Watchfulness {Harm Int+3}
 13790 | Gauntlet | Identified the ring "Bilithi" {Fire Dex+2}
 13860 | Gauntlet | Noticed a minotaur
 13871 | Gauntlet | Killed a minotaur
 13871 | Gauntlet | Received a gift from Okawaru
 14386 | Lair:3   | Found a staircase to the Shoals.
 14627 | Lair:4   | Found a dark tunnel.
 14640 | Volcano  | Entered a volcano
 14864 | Volcano  | Found a radiant altar of Vehumet.
 15119 | Volcano  | Reached skill level 15 in Axes
 15183 | Lair:4   | Identified the +2 cloak of the Cricket {Harm +Blink rF+}
                  | (Okawaru gifted it to you on level 4 of the Lair of Beasts)
 15183 | Lair:4   | Received a gift from Okawaru
 15696 | Lair:4   | Identified the +2 ring mail of Space {Str+3}
 15954 | Lair:4   | You fall into a shaft and drop 1 floor!
 15954 | Lair:5   | Entered Level 5 of the Lair of Beasts
 15980 | Lair:5   | Gained mutation: Your large and strong wings let you fly.
                  | [Gargoyle growth]
 15980 | Lair:5   | Reached XP level 14. HP: 84/91 MP: 19/19
 16020 | Lair:5   | Reached skill level 1 in Maces & Flails
 16576 | Lair:5   | Found a viscous altar of Jiyva.
 16576 | Lair:5   | Found a staircase to the Slime Pits.
 16726 | Lair:4   | Reached skill level 10 in Shields
 16790 | Lair:4   | Received a gift from Okawaru
 16899 | Lair:4   | Identified the +2 quick blade "Wulamub" {drain, rElec Str+7
                  | Int-5} (Okawaru gifted it to you on level 4 of the Lair of
                  | Beasts)
 16899 | Lair:4   | Received a gift from Okawaru
 18631 | Lair:5   | Found a corrupted altar of Lugonu.
 18631 | Lair:5   | Found a one-way gate to the infinite horrors of the Abyss.
 19335 | D:13     | Reached XP level 15. HP: 85/98 MP: 22/22
 19524 | D:13     | Killed Josephine
 19524 | D:13     | Reached ****** piety under Okawaru
 19618 | D:13     | Received a gift from Okawaru
 19682 | D:13     | Found a sparkling altar of Nemelex Xobeh.
 19874 | D:14     | Reached skill level 10 in Invocations
 20654 | D:14     | Found Hucwew's Antique Weapon Shoppe.
 20659 | D:14     | Bought a translucent broad axe for 234 gold pieces
 20659 | D:14     | Identified the +5 broad axe of the Sybil {flame, *Noise
                  | Int+5 Dex+3 SInv} (You bought it in a shop on level 14 of
                  | the Dungeon)
 21133 | Lair:2   | Reached skill level 10 in Armour
 21221 | Lair:2   | Found a staircase to the Snake Pit.
 22340 | D:12     | Identified the +0 crystal plate armour of the Shining Light
                  | {+Inv rN+ Dex-5} (Okawaru gifted it to you on level 12 of
                  | the Dungeon)
 22340 | D:12     | Received a gift from Okawaru
 22368 | D:12     | Reached XP level 16. HP: 97/106 MP: 24/24
 22403 | D:12     | Found a runed translucent door.
 22455 | D:12     | Found a runed translucent door.
 23070 | D:14     | Identified the +3 robe "Nyvat" {rF+ rCorr} (Okawaru gifted
                  | it to you on level 14 of the Dungeon)
 23070 | D:14     | Received a gift from Okawaru
 23087 | D:15     | Entered Level 15 of the Dungeon
 23503 | D:15     | Found a runed translucent gate.
 23503 | D:15     | Found a runed translucent gate.
 23503 | D:15     | Found a runed translucent gate.
 23508 | D:15     | Noticed Tolur's ghost (adept DEFE)
 24796 | D:15     | Found a staircase to the Depths.
 25194 | D:14     | Found a gate to the Vaults.
 25555 | D:14     | Reached skill level 15 in Fighting
 25732 | Orc:1    | Entered Level 1 of the Orcish Mines
 26295 | Orc:2    | Entered Level 2 of the Orcish Mines
 27234 | Orc:2    | Found a staircase to the Elven Halls.
 27530 | Orc:2    | Found Ajim's Distillery.
 27530 | Orc:2    | Found Itiok's Antique Armour Boutique.
 27531 | Orc:2    | Found Afeduwotz's Jewellery Shop.
 27535 | Orc:2    | Found Erchih's Book Shop.
 27539 | Orc:2    | Bought a sapphire-encrusted ring mail for 243 gold pieces
 27539 | Orc:2    | Identified the +1 ring mail of Inaction {-Tele rPois Slay+5
                  | SInv} (You bought it in a shop on level 2 of the Orcish
                  | Mines)
 27957 | Snake:1  | Entered Level 1 of the Snake Pit
 28323 | Snake:1  | Reached XP level 17. HP: 105/113 MP: 26/26
 28326 | Snake:1  | Received a gift from Okawaru
 28499 | Snake:1  | Found Taizuiwn's Weapon Boutique.
 28689 | Snake:1  | Found Bisaliro's Antique Weapon Boutique.
 28716 | Snake:1  | Acquired 1186 gold pieces
 28718 | Snake:1  | Acquired a manual of Maces & Flails
 29635 | Snake:2  | Noticed Azrael
 29676 | Snake:2  | Killed Azrael
 30651 | Snake:2  | Identified the +4 kite shield of a bailey {-Tele Harm rElec
                  | Str+4} (Okawaru gifted it to you on level 2 of the Snake
                  | Pit)
 30651 | Snake:2  | Received a gift from Okawaru
 30940 | Snake:3  | Noticed Aizul
 30968 | Snake:3  | Killed Aizul
 32010 | Snake:4  | Entered Level 4 of the Snake Pit
 32205 | Snake:4  | Noticed Asterion
 33008 | Snake:4  | Reached skill level 5 in Stealth
 33011 | Snake:4  | Found Ulac's Jewellery Shoppe.
 33183 | Snake:4  | Noticed an Executioner
 33200 | Snake:4  | Killed Asterion
 33856 | Snake:4  | Reached XP level 18. HP: 121/122 MP: 28/28
 33876 | Snake:4  | Identified the +0 cloak of the Monk {Str+2} (Okawaru gifted
                  | it to you on level 4 of the Snake Pit)
 33876 | Snake:4  | Received a gift from Okawaru
 34418 | Snake:4  | Got a serpentine rune of Zot
 34564 | Lair:1   | Killed Shayle's ghost
 34741 | Vaults:1 | Entered Level 1 of the Vaults
 35109 | Shoals:1 | Entered Level 1 of the Shoals
 35863 | Shoals:1 | Found a runed translucent gate.
 35863 | Shoals:1 | Found a runed translucent gate.
 35864 | Shoals:1 | Found a runed translucent gate.
 37060 | Shoals:2 | Found a sparkling altar of Nemelex Xobeh.
 38463 | Shoals:4 | Entered Level 4 of the Shoals
 38463 | Shoals:4 | Found a stormy altar of Qazlal.
 38908 | Shoals:4 | Paralysed by an air elemental for 1 turns
 38958 | Shoals:4 | Identified the ring "Tutelof" {rPois rC+++ rN+ Int+2 SInv}
 39257 | Shoals:4 | Identified the +1 cloak of the Orb {Dex+2 SInv Stlth+}
                  | (Okawaru gifted it to you on level 4 of the Shoals)
 39257 | Shoals:4 | Received a gift from Okawaru
 39735 | Shoals:4 | Reached XP level 19. HP: 110/130 MP: 30/30
 39876 | Shoals:4 | Got a barnacled rune of Zot
 40177 | Shoals:4 | Paralysed by an air elemental for 1 turns
 40510 | Shoals:4 | Found a blossoming altar of Fedhas.
 40603 | Shoals:4 | Paralysed by an air elemental for 1 turns
 40609 | Shoals:4 | Paralysed by an air elemental for 1 turns
 40624 | Shoals:3 | Paralysed by an air elemental for 1 turns
 40632 | Shoals:3 | Paralysed by an air elemental for 1 turns
 41034 | Shoals:3 | Reached skill level 15 in Invocations
 41044 | Shoals:3 | Noticed Kirke
 41067 | Shoals:3 | Killed Kirke
 42100 | Shoals:4 | Paralysed by an air elemental for 1 turns
 42973 | Elf:1    | Entered Level 1 of the Elven Halls
 43170 | Orc:2    | Bought a potion of heal wounds for 70 gold pieces
 43170 | Orc:2    | Bought a potion of might for 56 gold pieces
 43170 | Orc:2    | Bought a potion of berserk rage for 70 gold pieces
 43170 | Orc:2    | Bought a potion of heal wounds for 70 gold pieces
 43170 | Orc:2    | Bought a potion of curing for 42 gold pieces
 43181 | Orc:2    | Bought a +6 ring of dexterity for 540 gold pieces
 43665 | Elf:1    | Paralysed by an air elemental for 1 turns
 43675 | Elf:1    | Paralysed by an air elemental for 1 turns
 43798 | Elf:1    | Paralysed by an air elemental for 1 turns
 44124 | Elf:1    | Paralysed by an air elemental for 1 turns
 44748 | Elf:1    | Paralysed by an air elemental for 1 turns
 45927 | Elf:2    | Received a gift from Okawaru
 46426 | Elf:2    | Identified Roxanne's Vademecum on Reconstruction
 46426 | Elf:2    | Noticed Roxanne
 46551 | Elf:2    | Reached XP level 20. HP: 132/139 MP: 31/31
 46596 | Elf:2    | Found a runed translucent gate.
 46597 | Elf:2    | Found a runed translucent gate.
 46597 | Elf:2    | Found a runed translucent gate.
 46752 | Elf:2    | Killed Roxanne
 46911 | Elf:3    | Entered Level 3 of the Elven Halls
 46911 | Elf:3    | Found Risog's General Store.
 46920 | Elf:3    | Reached skill level 15 in Shields
 46920 | Elf:3    | Reached skill level 1 in Evocations
 46973 | Elf:3    | Bought a scroll of teleportation for 51 gold pieces
 47385 | Elf:3    | Noticed Zenata
 47475 | Elf:3    | Killed Zenata
 47581 | Elf:3    | Noticed Bai Suzhen
 47599 | Elf:3    | Killed Bai Suzhen
 48633 | Elf:3    | HP: 2/139 [deep elf blademaster/+0 short sword (12)]
 48637 | Elf:3    | Slain by a deep elf blademaster

Illustrated notes

Levels and vault maps discovered:
D:1:      minmay_arrival_stone_box, layout_rooms, serial_rivers,
          chequers_serial_rivers_micro_c, chequers_serial_rivers_micro_b,
          chequers_serial_rivers_large_a, chequers_serial_rivers_room_a,
          chequers_serial_rivers_micro_b, chequers_serial_rivers_micro_c,
          hangedman_decor_push
D:2:      layout_loops_corners
D:3:      layout_rooms, serial_shops, shop, shop_statue, shop, shop, shop,
          shapermc_ecumenical_altar_venn, kennysheep_generic_room_13,
          uniq_crazy_yiuf_cottage
D:4:      wander_river, layout_basic, mainiacjoe_overflow_brackets,
          gammafunk_ghost_mausoleum, uniq_robin
D:5:      layout_rooms, lemuel_doored_altar, vehumet_crystals,
          gup_ossuary_entry_pyramid, nicolae_eternal_life, uniq_sigmund,
          uniq_blork_the_orc, uniq_edmund
D:6:      cheibrodos_fertilizer, layout_loops_ring,
          nicolae_dithmenos_the_darkroom, uniq_prince_ribbit1
D:7:      layout_basic, minmay_temple_entry_mini_moons,
          corexii_mini_fake_secret_closet, minmay_door_square, st_stairs_14,
          kennysheep_generic_room_16
D:8:      layout_basic, slow_altar_1, beargit_hepliaklqana_dungeon_heroes,
          st_stairs_7, minmay_liquid_box, nicolae_sextant
D:9:      layout_irregular_city, bloody_makhleb, lair_entry_dummy, david_orc_5,
          serial_column_ruins, column_ruins_columns_straight,
          column_ruins_grid_1, column_ruins_grid_4, column_ruins_open_tiny,
          column_ruins_open_small, column_ruins_columns_straight, uniq_maggie
D:10:     layout_basic, gammafunk_temple_overflow_claw, enter_bailey_2
D:11:     layout_roguey
D:12:     layout_irregular_city, nicolae_hydra_factorization
D:13:     layout_basic, nemelex_diamond_rough_becter, uniq_josephine
D:14:     layout_stronghold, skrybe_vaults_entry_preservation, serial_shops,
          kennysheep_little_box, dreamdust_wishing_well
D:15:     grunt_enter_depths_snipers, layout_layer_cave, gammafunk_ghost_split,
          minmay_misc_feat_tower, grunt_decor_one_mirror
Temple:   nicolae_temple_no_exploring_needed
Lair:1:   layout_big_grid, hellmonk_ghost_happy_afterlife,
          pdpol_lair_cavern_descent, grunt_megastairs_5
Lair:2:   layout_gridlike, minmay_snake_entry_guardpost_medium,
          gauntlet_entry_generic, minmay_stone_trees_small
Lair:3:   layout_cave_shapes, elwin_shoals_entry_rooms
Lair:4:   layout_long_grid, enter_volcano_2
Lair:5:   hellmonk_lair_end_abyssal_woods, layout_hall_layers,
          minmay_slime_entry_pillars, serial_bayou_ford_a, serial_bayou_shore_b,
          grunt_megastairs_2
Shoals:1: layout_shoals, nicolae_shoals_beach_cooler
Shoals:2: layout_shoals, lemuel_altar_in_water
Shoals:3: layout_shoals, uniq_kirke
Shoals:4: shoals_end_hellmonk_storm_palace [storm_palace_center_ruins,
          storm_palace_corner_altar, storm_palace_corner_grid,
          storm_palace_corner_blocked, storm_palace_corner_altar]
Snake:1:  layout_misc_corridors, corexii_hall_statues_x, minmay_shop_star,
          grunt_megastairs_4
Snake:2:  layout_cave_shapes, uniq_azrael
Snake:3:  layout_cave_town, uniq_aizul
Snake:4:  grunt_snake_rune_serpentine_throne, layout_misc_corridors,
          serial_shops, nicolae_diamond_shop, uniq_asterion
Orc:1:    layout_caves
Orc:2:    st_orc_mages, layout_caves
Elf:1:    minmay_elf_arrival_summoners, layout_gridlike, minivault_28,
          nicolae_elf_glassroom_feature
Elf:2:    nicolae_elf_blades_crystal_corner, layout_gridlike, minivault_11,
          uniq_roxanne
Elf:3:    grunt_elf_hall_asides, layout_loops_ring, serial_shops,
          nicolae_shop_temple_entry_statues_fountains, serial_co_window_serial,
          co_window_corner_a, co_window_corner_a, co_window_corner_a,
          co_window_paths_a, co_window_paths_a, co_window_cross_3,
          co_window_paths_c, co_window_cross_2, co_window_of_opportunity_b,
          glass_columns_b, glass_columns_a, glass_columns_a, glass_columns_a,
          glass_columns_c, uniq_bai_suzhen, uniq_zenata
Vaults:1: ontoclasm_vaults_fault, nicolae_vaults_shelves_hall, v_rooms_2,
          ontoclasm_vaults_spin, nicolae_vaults_shelves_hall, v_misc_26,
          vaults_room_glass_cross, nicolae_vaults_diagonal_hallway_7,
          vaults_dpeg_emergency_exit, vaults_dpeg_ring,
          nicolae_vaults_little_squares_3, layout_vaults_omnigrid, serial_shops,
          shop

Skill      XL: |  1  2  3  4  5  6  7  8  9 10 11 12 13 14 15 16 17 18 19 20 |
---------------+-------------------------------------------------------------+-----
Axes           | 2 3 4 6 7 9 11 13 14 15 16 17 18 19 | 19.8
Fighting       | 4 5 6 7 8 9 10 11 13 14 15 16 17 19 | 19.3
Armour         | 4 5 6 7 8 9 10 11 12 13 | 13.7
Shields        | 4 5 6 7 8 9 10 11 12 13 14 15 | 15.1
Stealth        | 1 2 3 4 5 |  5.4
Invocations    | 3 6 7 9 11 12 13 14 15 16 | 16.0
Maces & Flails | 1 |  1.0
Evocations     | 1 |  1.2

Action                     |  1- 3 |  4- 6 |  7- 9 | 10-12 | 13-15 | 16-18 | 19-21 || total
---------------------------+-------+-------+-------+-------+-------+-------+-------++-------
  Melee: War axe           |    77 |   196 |   384 |   592 |   828 |   916 |   819 ||  3812
         Flail             |       |       |       |       |    14 |       |       ||    14
         Broad axe         |       |       |       |       |   150 |   759 |   106 ||  1015
 Invoke: Heroism           |       |       |       |    11 |    18 |    17 |    10 ||    56
  Evoke: Wand              |       |       |       |     4 |       |     1 |     2 ||     7
         Lightning rod     |       |       |       |       |       |       |     4 ||     4
    Use: Potion            |       |     4 |     2 |     6 |     1 |     5 |     9 ||    27
         Scroll            |       |       |     1 |    22 |    10 |    27 |     4 ||    64
   Stab: Sleeping          |       |       |       |     2 |     2 |     1 |     1 ||     6
         Distracted        |       |       |       |     1 |     1 |     1 |     2 ||     5
 Armour: Scale mail        |    72 |    86 |       |       |   413 |   862 |   484 ||  1917
         Ring mail         |       |    21 |   180 |   280 |   123 |    24 |       ||   628
         Skin              |       |    14 |       |       |       |       |       ||    14
  Dodge: Dodged            |    62 |   114 |   154 |   214 |   358 |   611 |   306 ||  1819
         Repelled          |       |       |       |       |     4 |    46 |    18 ||    68
  Block: Buckler           |    23 |    66 |    86 |   133 |   296 |   573 |   280 ||  1457

Table legend: (Time is in decaauts)
 A = Elapsed time spent in this place.
 B = Non-inter-level travel time spent in this place.
 C = Inter-level travel time spent in this place.
 D = Time resting spent in this place.
 E = Time spent auto-exploring this place.
 F = Levels seen in this place.
 G = Mean time per level.
                   A        B        C        D        E       F      G
               +--------+--------+--------+--------+--------+-----+--------+
         Total |  47878 |  45412 |   2466 |   4706 |  29400 |  39 | 1227.6 |
       Dungeon |  17535 |  16119 |   1416 |    740 |  11809 |  15 | 1169.0 |
        Temple |     14 |      8 |      6 |      0 |      0 |   1 |   14.0 |
          Lair |   7149 |   6582 |    567 |    766 |   4246 |   5 | 1429.8 |
        Shoals |   7468 |   7350 |    118 |    794 |   4918 |   4 | 1867.0 |
     Snake Pit |   6197 |   5985 |    212 |    867 |   3783 |   4 | 1549.2 |
  Orcish Mines |   2507 |   2401 |    106 |    583 |   1268 |   2 | 1253.5 |
   Elven Halls |   5116 |   5079 |     37 |    468 |   3178 |   3 | 1705.3 |
        Vaults |    174 |    174 |      0 |      0 |     61 |   1 |  174.0 |
       Ossuary |    298 |    298 |      0 |      0 |    137 |   1 |  298.0 |
        Bailey |    425 |    425 |      0 |    103 |      0 |   1 |  425.0 |
       Volcano |    485 |    485 |      0 |    171 |      0 |   1 |  485.0 |
      Gauntlet |    505 |    505 |      0 |    214 |      0 |   1 |  505.0 |
               +--------+--------+--------+--------+--------+-----+--------+

Top non-repeatable levels by time:
Shoals:4: 2686 daAuts
 Snake:4: 2391 daAuts
   Elf:1: 2341 daAuts
  Lair:5: 2108 daAuts
    D:15: 2016 daAuts
Shoals:3: 1938 daAuts
    D:14: 1763 daAuts
   Orc:2: 1714 daAuts
  Lair:4: 1684 daAuts
   Elf:3: 1674 daAuts
    D:12: 1650 daAuts
  Lair:2: 1560 daAuts
Shoals:1: 1447 daAuts
 Snake:2: 1426 daAuts
Shoals:2: 1395 daAuts
